 Dungeon Crawl Stone Soup version 0.24-a0-445-gd5110b0 (console) character file.

Game seed: 7496270349705678499

14477 swinepaste the Carver (level 12, -8/86 HPs)
             Began as a Formicid Fighter on June 23, 2019.
             Was a High Priest of Okawaru.
             Mangled by a swamp worm (10 damage)
             ... on level 1 of the Lair of Beasts on June 24, 2019.
             The game lasted 00:41:02 (16539 turns).

swinepaste the Carver (Formicid Fighter)           Turns: 16539, Time: 00:41:02

Health: -8/86      AC: 13    Str: 22    XL:     12   Next: 45%
Magic:  17/17      EV: 15    Int:  8    God:    Okawaru [*****.]
Gold:   689        SH: 12    Dex: 14    Spells: 11/11 levels left

rFire    + . .     SeeInvis +   a - +3 great sword (slice)
rCold    . . .     Gourm    .   c - +0 shield
rNeg     . . .     Faith    .   A - +3 leather armour {rPois}
rPois    +         Spirit   .   (helmet unavailable)
rElec    .         Reflect  .   j - +2 cloak {MR+}
rCorr    .         Harm     .   D - +1 pair of gloves
MR       ++...                  e - +0 pair of boots
Stlth    ..........             (no amulet)
HPRegen  0.24/turn              w - ring of attention
MPRegen  0.15/turn              F - ring of protection from fire

@: no status effects
A: permanent stasis, dig shafts and tunnels, four strong arms, antennae 3
a: Dig, Shaft Self, Heroism, Finesse, Renounce Religion


You were on level 1 of the Lair of Beasts.
You worshipped Okawaru.
Okawaru was extremely pleased with you.
You were not hungry.

You visited 3 branches of the dungeon, and saw 13 of its levels.
You also visited: Sewer.

You collected 689 gold pieces.

Inventory:

Hand Weapons
 a - a +3 great sword of slicing (weapon)
 d - a +0 long sword
 L - a +5 great sword
Missiles
 J - 16 poisoned darts (quivered)
 P - 4 datura-tipped darts
Armour
 b - a +0 scale mail
 c - a +0 shield (worn)
 e - a +0 pair of boots (worn)
 j - a +2 cloak of magic resistance (worn)
 A - a +3 leather armour of poison resistance (worn)
 D - a +1 pair of gloves (worn)
Jewellery
 l - an uncursed ring of ice
 w - a ring of attention (left hand)
 F - a ring of protection from fire (right hand)
Wands
 q - a wand of flame (5)
 v - a wand of polymorph (13)
 z - a wand of random effects (66)
 E - a wand of iceblast (10)
 H - a wand of paralysis (2)
 M - a wand of acid (9)
 O - a wand of digging (4)
Scrolls
 g - 3 scrolls of amnesia
 h - 12 scrolls of identify
 o - 3 scrolls of magic mapping
 p - a scroll of noise
 s - 3 scrolls of enchant armour
 B - 4 scrolls of remove curse
 C - a scroll of enchant weapon
Potions
 i - 2 potions of cancellation
 k - 2 potions of ambrosia
 m - a potion of flight
 n - 2 potions of curing
 t - 3 potions of heal wounds
 x - 2 potions of lignification {unknown}
 G - a potion of resistance {unknown}
 I - a potion of haste {unknown}
Comestibles
 f - 17 rations


   Skills:
 - Level 5.1 Fighting
 - Level 13.9 Long Blades
 - Level 4.2 Armour
 - Level 6.1 Dodging
 - Level 9.0 Shields
 * Level 7.7 Invocations
 + Level 4.6 Evocations


You had 11 spell levels left.
You didn't know any spells.
Your spell library contained the following spells:

 Spells                   Type           Power        Failure   Level  Hunger
 Freeze                   Ice            #...         45%         1    ##.....
 Throw Frost              Conj/Ice       #.....       58%         2    ###....
 Ozocubu's Armour         Chrm/Ice       #.......     83%         3    ####...
 Summon Ice Beast         Ice/Summ       #.......     99%         4    #####..
 Throw Icicle             Conj/Ice       #.......     99%         4    #####..


Dungeon Overview and Level Annotations

Branches:
Dungeon (10/15)            Temple (1/1) D:7            Lair (2/6) D:10
    Orc (0/2) D:10
  Swamp: Lair:2-4    Shoals: Lair:2-4     Snake: Lair:2-4    Spider: Lair:2-4

Altars:
Ashenzari
Cheibriados
Dithmenos
Elyvilon
Fedhas
Gozag
Hepliaklqana
Kikubaaqudgha
Makhleb
Nemelex Xobeh
Okawaru
Qazlal
Ru
Sif Muna
Trog
Uskayaw
Vehumet
Wu Jian
Xom
Yredelemnul
Zin
The Shining One


Innate Abilities, Weirdness & Mutations

You cannot be hasted, slowed, berserked, paralysed or teleported.
You can dig through walls and to a lower floor.
Your four strong arms can wield two-handed weapons with a shield.
You have a pair of large antennae on your head. (SInv)


Message History

You slash the swamp worm!
The swamp worm is almost dead.
You block the swamp worm's attack. The swamp worm bites you.
The swamp worm bites you!
You slash the swamp worm!
You kill the swamp worm!
Okawaru accepts your kill. The swamp worm bites you! x2
You are too injured to fight recklessly!
You are too injured to fight recklessly!
You are too injured to fight recklessly!
You barely miss the swamp worm. You block the swamp worm's attack.
The swamp worm closely misses you.
You riposte.
You slash the swamp worm!
The swamp worm is heavily wounded.
You closely miss the swamp worm. The swamp worm bites you!!
* * * LOW HITPOINT WARNING * * *
The swamp worm bites you!
* * * LOW HITPOINT WARNING * * *
You barely miss the swamp worm. The swamp worm bites you!
You die...

........##.#....#......##
##.#.##
.......###........#.##.#
#...#.. ##...#P#
#.......#...#.# ##.##<#
.....###
#.........#.#.#*###.##.#
##....#
#.........#...##....##.#
######
#........##.#.##..#..#..
#........##.#.#≈≈≈≈≈≈≈..
#.......###.P≈≈≈≈≈≈≈≈≈≈≈
#..P..wa###.≈≈≈#######≈≈
#.....w###..≈{P#w≈≈≈≈##≈
#...#.w.....w≈P≈ww≈≈≈{#≈
#...........w≈≈#w≈≈≈≈##≈
######.#...#≈≈≈#######≈≈
###.##..≈≈≈≈≈≈≈≈≈≈≈
#...##...≈≈≈≈≈≈≈##
####.###..##..#≈#...
########
#.#...##.###..###...


You could see 3 swamp worms.

Vanquished Creatures
  Harold (D:7)
  Urug (D:10)
  Pikel (D:9)
  An orc sorcerer (D:10)
  A black mamba (Lair:1)
  A spiny frog (Lair:2)
  2 komodo dragons (Lair:1)
  A troll (D:10)
  Prince Ribbit (D:9)
  A hippogriff (Lair:1)
  3 wyverns (D:10)
  9 yaks (Lair:1)
  4 hogs (D:7)
  Sigmund (D:5)
  A human (D:7)
  Edmund (D:5)
  2 two-headed ogre zombies (D:10)
  4 hungry ghosts
  Menkaure (D:5)
  3 swamp worms (Lair:1)
  4 porcupines
  5 water moccasins
  Duvessa (D:6)
  3 sky beasts
  An ice beast (D:10)
  A slave (D:9)
  An eye of draining (D:5)
  3 phantoms
  2 black bears (D:10)
  A necrophage (D:7)
  4 ogres
  12 centaurs
  2 big kobolds
  4 crocodiles
  Blork the orc (D:5)
  9 bullfrogs
  Dowan (D:6)
  3 scorpions
  A wyvern skeleton (D:9)
  4 killer bees (D:9)
  3 troll zombies (D:10)
  8 wights
  5 howler monkeys
  4 crimson imps
  2 quasits
  A jelly (D:7)
  A centaur zombie (D:10)
  An orc priest (D:6)
  2 bullfrog skeletons
  A gnoll shaman (D:5)
  A hound (D:5)
  7 orc wizards
  A centaur skeleton (D:4)
  4 iguanas
  2 worker ants
  Ijyb (D:5)
  3 ogre zombies (D:10)
  2 hound skeletons
  3 worker ant zombies
  8 gnolls
  10 adders
  3 river rats (Sewer)
  A shadow imp (D:8)
  2 adder skeletons
  3 adder zombies
  3 worms
  4 dart slugs
  9 leopard geckos
  12 orcs
  A ball python (D:4)
  8 giant cockroaches
  5 goblins
  5 hobgoblins
  7 jackals
  18 kobolds
  5 quokkas
  9 bats
  3 frilled lizards
  A goblin skeleton (D:10)
  2 goblin zombies (D:10)
  2 hobgoblin zombies (D:10)
  4 orc skeletons (D:10)
  13 orc zombies (D:10)
  A quokka zombie (D:5)
  7 rats
  A fungus (Lair:1)
302 creatures vanquished.

Vanquished Creatures (others)
  A shadow (D:9)
  A slave (D:9)
  A worker ant zombie (D:9)
  An orc zombie (D:10)
  11 fungi (D:10)
  4 plants
19 creatures vanquished.

Grand Total: 321 creatures vanquished

Notes
Turn   | Place    | Note
-------+----------+-------------------------------------------
     0 | D:1      | swinepaste the Formicid Fighter began the quest for the
                  | Orb.
     0 | D:1      | Reached XP level 1. HP: 18/18 MP: 1/1
   132 | D:1      | Reached XP level 2. HP: 21/24 MP: 2/2
   539 | D:1      | Reached XP level 3. HP: 29/29 MP: 3/3
   871 | D:2      | Reached skill level 3 in Long Blades
  1260 | D:3      | Reached XP level 4. HP: 35/35 MP: 4/4
  1822 | D:3      | Found a glowing drain.
  1829 | D:3      | Reached skill level 4 in Long Blades
  1878 | Sewer    | Entered a sewer
  1888 | Sewer    | Reached XP level 5. HP: 36/41 MP: 5/5
  2147 | Sewer    | Noticed a big kobold
  2197 | Sewer    | Killed a big kobold
  2197 | Sewer    | Reached skill level 5 in Shields
  2197 | Sewer    | Reached XP level 6. HP: 43/47 MP: 6/6
  2339 | Sewer    | Found a glowing silver altar of Zin.
  2753 | D:4      | Reached skill level 5 in Long Blades
  3395 | D:4      | Found a sacrificial altar of Ru.
  3940 | D:5      | Entered Level 5 of the Dungeon
  3944 | D:5      | Reached skill level 6 in Long Blades
  3944 | D:5      | Reached XP level 7. HP: 37/52 MP: 7/7
  4689 | D:5      | Noticed Edmund
  4858 | D:5      | Noticed Sigmund
  4894 | D:5      | Killed Sigmund
  4894 | D:5      | Reached skill level 7 in Long Blades
  4894 | D:5      | Reached XP level 8. HP: 48/58 MP: 8/8
  4956 | D:5      | Killed Edmund
  5177 | D:5      | Noticed Ijyb
  5184 | D:5      | Killed Ijyb
  5336 | D:5      | Noticed Blork the orc
  5346 | D:5      | Killed Blork the orc
  5371 | D:5      | Reached skill level 8 in Long Blades
  5512 | D:5      | Found a shattered altar of Ashenzari.
  5825 | D:5      | Noticed Menkaure
  5836 | D:5      | Killed Menkaure
  6134 | D:5      | Found a bloodstained altar of Trog.
  6150 | D:5      | Reached XP level 9. HP: 64/64 MP: 1/9
  6397 | D:6      | Found an ornate altar of the Wu Jian Council.
  6552 | D:6      | Reached skill level 9 in Long Blades
  6960 | D:6      | Found a stormy altar of Qazlal.
  6963 | D:6      | Found a basalt altar of Yredelemnul.
  6965 | D:6      | Noticed Duvessa
  7005 | D:6      | Killed Duvessa
  7287 | D:6      | Found a glowing silver altar of Zin.
  7443 | D:6      | Noticed Dowan
  7455 | D:6      | Killed Dowan
  7833 | D:7      | Reached skill level 10 in Long Blades
  7935 | D:7      | Found a staircase to the Ecumenical Temple.
  7954 | Temple   | Entered the Ecumenical Temple
  8177 | Temple   | Became a worshipper of Warmaster Okawaru
  8384 | D:7      | Noticed Harold
  8403 | D:7      | Reached skill level 11 in Long Blades
  8438 | D:7      | Killed Harold
  8438 | D:7      | Reached * piety under Okawaru
  8438 | D:7      | Reached skill level 12 in Long Blades
  8438 | D:7      | Reached XP level 10. HP: 8/70 MP: 10/10
  9187 | D:7      | Reached skill level 1 in Dodging
  9209 | D:7      | HP: 1/70 [hog (6)]
  9730 | D:8      | Reached ** piety under Okawaru
 10900 | D:9      | Reached skill level 5 in Dodging
 11021 | D:9      | Reached XP level 11. HP: 54/76 MP: 11/11
 11249 | D:9      | Reached *** piety under Okawaru
 11270 | D:9      | Noticed Prince Ribbit
 11306 | D:9      | Noticed Pikel
 11331 | D:9      | Killed Pikel
 11331 | D:9      | Reached skill level 5 in Fighting
 11355 | D:9      | Killed Prince Ribbit
 11355 | D:9      | Reached skill level 1 in Invocations
 12495 | D:10     | Entered Level 10 of the Dungeon
 13024 | D:10     | Reached **** piety under Okawaru
 13210 | D:10     | Reached skill level 13 in Long Blades
 13234 | D:10     | Found a staircase to the Lair.
 13320 | D:10     | Noticed Urug
 13332 | D:10     | Killed Urug
 13917 | D:10     | Found a staircase to the Orcish Mines.
 13917 | D:10     | Noticed an orc sorcerer
 14482 | D:10     | Killed an orc sorcerer
 15102 | D:10     | Reached skill level 1 in Evocations
 15615 | Lair:1   | Entered Level 1 of the Lair of Beasts
 15651 | Lair:1   | Reached ***** piety under Okawaru
 15728 | Lair:1   | Received a gift from Okawaru
 15728 | Lair:1   | Reached XP level 12. HP: 77/86 MP: 14/14
 15799 | Lair:1   | Reached skill level 5 in Invocations
 15960 | Lair:1   | You fall into a shaft and drop 1 floor!
 16133 | Lair:1   | Noticed a six-headed hydra
 16282 | Lair:1   | Received a gift from Okawaru
 16538 | Lair:1   | HP: 2/86 [swamp worm (17)]
 16539 | Lair:1   | Mangled by a swamp worm

Levels and vault maps discovered:
D:1:      dpeg_arrival_signposts, layout_rooms, st_stairs_10,
          minmay_misc_feat_tower, minivault_4
D:2:      layout_basic, first_ration, minmay_distorted
D:3:      layout_basic, portal_sewer_entry_f
D:4:      layout_basic, lemuel_doored_altar, minivault_14,
          chequers_decorated_corner, kennysheep_generic_room_15
D:5:      minmay_skewed_foursquare, layout_basic, kennysheep_mini,
          trog_eyes_of_draining, kennysheep_generic_room_7, uniq_sigmund,
          uniq_ijyb, uniq_edmund, uniq_blork_the_orc, uniq_menkaure
D:6:      layout_basic, grunt_temple_overflow_open, uniq_duvessa
D:7:      layout_basic, temple_fountains, grunt_livestock, uniq_harold
D:8:      layout_basic
D:9:      layout_cave_pods, centaur_isle, uniq_prince_ribbit1, uniq_pikel
D:10:     layout_layer_cave, due_lair_maze_entry_diamond, zombieorc2_lemuel,
          uniq_urug
Temple:   regret_index_temple_generic_petals
Lair:1:   layout_loops_ring, worms_lemuel, lemuel_fruit_fields
Lair:2:   layout_loops_ring, columned_hall_lemuel, beast_lair_carwin_3

Skill      XL: |  1  2  3  4  5  6  7  8  9 10 11 12 |
---------------+-------------------------------------+-----
Shields        | 4 5 6 8 9 |  9.0
Long Blades    | 3 4 6 7 8 12 13 | 13.9
Dodging        | 5 6 |  6.1
Armour         | 4 |  4.2
Fighting       | 5 |  5.1
Invocations    | 3 7 |  7.7
Evocations     | 1 4 |  4.6

Action                   |  1- 3 |  4- 6 |  7- 9 | 10-12 || total
-------------------------+-------+-------+-------+-------++-------
Melee: Long sword        |   102 |   222 |   481 |   123 ||   928
       Great sword       |       |       |       |   462 ||   462
Throw: Dart              |       |    20 |    55 |    31 ||   106
Invok: Heroism           |       |       |       |     2 ||     2
       Finesse           |       |       |       |     1 ||     1
 Abil: Dig               |       |       |       |     2 ||     2
Evoke: Wand              |       |       |     3 |    23 ||    26
  Use: Scroll            |     3 |       |     2 |     9 ||    14
       Potion            |       |       |     4 |     3 ||     7
 Stab: Paralysed         |       |       |       |     7 ||     7
  Eat: Chunk             |     1 |     5 |    14 |    16 ||    36
       Ration            |       |     1 |     2 |     4 ||     7
Armor: Scale mail        |    58 |    62 |    33 |       ||   153
       Leather armour    |       |       |    78 |    97 ||   175
Dodge: Dodged            |    49 |    62 |   149 |   210 ||   470
Block: Shield            |    72 |   104 |   226 |   307 ||   709
       Rpst.: Long sword |     8 |    15 |    40 |     7 ||    70
       Great sword       |       |       |       |    39 ||    39

Table legend:
 A = Non-vault XP
 B = Vault XP
 C = Vault XP percentage of total XP
 D = Non-vault monster count
 E = Vault monster count
 F = Vault count percentage of total count
                 A         B        C        D         E       F
            +---------+---------+-------+---------+---------+-------
      Total |   11667 |    9015 |  43.6 |     206 |      94 |  31.3
            +---------+---------+-------+---------+---------+-------
        D:1 |      27 |       2 |   6.9 |      15 |       1 |   6.2
        D:2 |      22 |       8 |  26.7 |      13 |       3 |  18.8
        D:3 |      75 |      10 |  11.8 |      19 |       4 |  17.4
        D:4 |     270 |       0 |   0.0 |      14 |       0 |   0.0
        D:5 |     569 |     865 |  60.3 |      23 |      10 |  30.3
        D:6 |     478 |     219 |  31.4 |      15 |       2 |  11.8
        D:7 |    1385 |    2003 |  59.1 |      31 |       6 |  16.2
        D:8 |     443 |       0 |   0.0 |      12 |       0 |   0.0
        D:9 |    1787 |    1793 |  50.1 |      23 |       9 |  28.1
       D:10 |    1675 |    3389 |  66.9 |      16 |      44 |  73.3
     Lair:1 |    4447 |     486 |   9.9 |      23 |       3 |  11.5
     Lair:2 |     489 |      88 |  15.3 |       2 |       1 |  33.3
      Sewer |       0 |     152 | 100.0 |       0 |      11 | 100.0
            +---------+---------+-------+---------+---------+-------
